 Dungeon Crawl Stone Soup version 0.30.1 (webtiles) character file.

Game seed: 15596261990648458016

5700 DwarfAlpaca the Thaumaturge (level 11, -5/65 HPs)
             Began as a Djinni Fire Elementalist on July 13, 2023.
             Was an Elder of the Shining One.
             Slain by a warg (12 damage)
             ... on level 9 of the Dungeon.
             The game lasted 00:46:45 (8769 turns).

DwarfAlpaca the Thaumaturge (DjFE)                  Turns: 8769, Time: 00:46:46

Health: -5/65      AC:  6    Str: 10    XL:     11   Next: 4%
Gold:   613        EV: 12    Int: 21    God:    the Shining One [****..] SH:  0 Dex: 14

rFire   + + .        i - +2 rapier (holy)
rCold   x . .        (no shield)
rNeg    + + .        u - +3 leather armour of the Arcane {+Blink Str+3}
rPois   ∞            (no helmet)
rElec   .            (no cloak)
rCorr   .            (no gloves)
SInv    .            (boots unavailable)
Will    +....        (no amulet)
Stlth   +            (no ring)
HPRegen 0.30/turn    (no ring)
MPRegen 0.00/turn

%: infuse magic (-6 HP)
@: flying, glowing
A: sickness immunity, fire resistance 2, cold vulnerability 1, float, innate
caster, HP casting, extra vitality 1
a: Renounce Religion, Evoke Blink, Divine Shield, Cleansing Flame


You were on level 9 of the Dungeon.
You worshipped the Shining One.
The Shining One was greatly pleased with you.
You visited 2 branches of the dungeon, and saw 10 of its levels.
You also visited: Ossuary.

You collected 613 gold pieces.

Inventory:

Hand Weapons
 i - a +2 rapier of holy wrath (weapon)
Missiles
 g - 3 throwing nets (quivered)
 I - 2 curare-tipped darts
Armour
 a - a +0 robe
 o - a +2 helmet
 u - the +3 leather armour of the Arcane (worn) {+Blink Str+3}
   (You found it on level 4 of the Dungeon)

   Str:       It affects your strength (+3).
   +Blink:    It lets you blink.
 J - +0 steam dragon scales
Jewellery
 p - a +6 ring of dexterity
Wands
 d - a wand of digging (13)
 j - a wand of polymorph (22)
 E - a wand of flame (11)
 F - a wand of paralysis (3)
Scrolls
 c - 3 scrolls of vulnerability
 f - a scroll of fear
 k - 3 scrolls of enchant weapon
 l - 9 scrolls of identify
 r - 2 scrolls of fog {unknown}
 s - a scroll of silence {unknown}
 v - 2 scrolls of enchant armour
 x - a scroll of amnesia {unknown}
 y - a scroll of summoning {unknown}
 A - a scroll of brand weapon {unknown}
 G - 2 scrolls of teleportation
Potions
 b - 5 potions of curing
 e - 4 potions of magic {unknown}
 h - a potion of haste
 m - 2 potions of brilliance
 n - 3 potions of flight {unknown}
 q - 2 potions of ambrosia {unknown}
 t - 2 potions of attraction {unknown}
 w - 2 potions of might
 z - a potion of berserk rage {unknown}
 B - a potion of mutation {unknown}
 C - a potion of resistance {unknown}
 D - a potion of lignification {unknown}
 H - a potion of degeneration {unknown}


   Skills:
 - Level 2.1 Dodging
 - Level 1.5 Stealth
 + Level 14.1 Spellcasting


You knew the following spells:

 Your Spells              Type           Power      Damage    Failure   Level
a - Foxfire               Conj/Fire      100%       2x1d9     1%          1
b - Scorch                Fire           100%       2d9       1%          2
c - Volatile Blastmotes   Fire/Tloc      100%       2d18      1%          3
d - Inner Flame           Hex/Fire       65%        N/A       1%          3
e - Flame Wave            Conj/Fire      65%        2d15      1%          4
f - Summon Small Mammal   Summ           100%       N/A       1%          1
g - Momentum Strike       Conj/Tloc      100%       3d10      1%          2
h - Poisonous Vapours     Pois/Air       100%       N/A       1%          2
i - Animate Armour        Summ/Erth      100%       N/A       1%          4
j - Sticky Flame          Conj/Fire      65%        2d8       1%          4
Your spell library was empty.

Dungeon Overview and Level Annotations

Branches:
Dungeon (9/15)             Temple (1/1) D:4         Ossuary (visited)
   Lair: D:8-11         Orc: D:9-12

Altars:
Cheibriados
Dithmenos
Elyvilon
Fedhas
Trog
Uskayaw
Zin
The Shining One


Innate Abilities, Weirdness & Mutations

You are immune to sickness and miasma.
You are immune to poison.
Your flesh is very heat resistant. (rF++)
You are vulnerable to cold. (rC-)
You float through the air rather than walking.
You learn spells naturally, not from books.
Your magical power is your life essence.
You have superior vitality. (+4 MHP)


Message History

Press: ? - help, v - describe, . - travel
Here: a hornet (haloed)
The floor.
The hornet attacks as you move away! The hornet stings you!
The howler monkey howls!
The howler monkey hoots and howls with incredible vigour!
You hear a howl! x2; You hear a shout!
You hear an angry hiss.
You hear a shout! x3
Casting: Foxfire (safe; 1% risk of failure)
Confirm with . or Enter, or press ? or * to list all spells.
Casting: Flame Wave (safe; 1% risk of failure)
Press: ? - help, Dir - look around, f - activate A wave of flame ripples out!
The flame wave engulfs the hornet!
The hornet is moderately wounded. (Press . to intensify the flame waves.)
The hornet stings you! x2
* * * LOW HITPOINT WARNING * * *
A wave of flame ripples out!
The flame wave engulfs the hornet!!
You kill the hornet!
The flame wave engulfs the warg!
The warg is moderately wounded.
* * * LOW HITPOINT WARNING * * *
You hear a howl!
You hear a shout!
The howler monkey hoots and howls with incredible vigour!
The warg bites you.
* * * LOW HITPOINT WARNING * * *
You hear a shout!
You hear an angry hiss.
You hear an angry buzzing noise. x2
You hear an angry hiss.
You hear a shout!
You hear an angry buzzing noise.
You hear a shout!
You hear an angry buzzing noise.
You feel better. The warg bites you!
* * * LOW HITPOINT WARNING * * *
Press: ? - help, v - describe, . - travel, g - get item
Here: a warg (moderately wounded, haloed) Item here: a hornet corpse.
The floor.
You feel better. The warg bites you!
* * * LOW HITPOINT WARNING * * *
You feel better. The warg bites you!
* * * LOW HITPOINT WARNING * * *
The warg bites you!
You die...

...............
####..####.##.
#........h....
#......#.#.###
..#..##..# #.#
.......o.#
#.####
..######h##
#.#.. # #h#
#.#.# #@# #.#.#
#.# #...####
#.# #......#
#.# #.####.#
#.# #...<#.#
#.# ######.#
#.# ...##.#
#.######.##.#
#...........#


You could see a warg, a howler monkey and an orc wizard.

Vanquished Creatures
  Amaemon (D:8)
  An orange demon (D:8)
  A hornet (D:9)
  A vampire (D:7)
  A vampire mosquito (D:7)
  2 steam dragons (D:8)
  Menkaure (D:5)
  The ghost of engelados the Conjurer, an amateur BaCj (D:3)
  Duvessa (D:6)
  A water moccasin (D:6)
  2 orc warriors
  4 black bears
  4 ice beasts
  2 sky beasts (D:7)
  5 centaurs
  2 phantoms (D:6)
  2 elf zombies (Ossuary)
  3 bullfrogs
  3 kobold brigands
  2 gnoll sergeants
  2 scorpions
  Dowan (D:6)
  A howler monkey (D:7)
  A jelly (D:7)
  2 centaur zombies (Ossuary)
  An orc priest (D:6)
  4 hounds
  A gnoll bouda (D:3)
  6 iguanas
  3 sleepcaps (D:5)
  5 orc wizards
  A statue (D:6)
  2 mummies (Ossuary)
  Robin (D:3)
  8 adders
  18 gnolls
  4 white imps (D:7)
  4 ufetubi
  An adder zombie (Ossuary)
  2 worms
  2 dart slugs
  18 orcs
  6 ball pythons
  8 endoplasms
  4 giant cockroaches
  11 hobgoblins
  5 quokkas
  5 bats
  7 frilled lizards
  16 goblins
  A goblin zombie (Ossuary)
  9 hobgoblin zombies (Ossuary)
  2 jackal zombies (Ossuary)
  31 kobolds
  14 kobold zombies (Ossuary)
  5 orc zombies (Ossuary)
  3 rats
  A rat zombie (Ossuary)
256 creatures vanquished.

Vanquished Creatures (collateral kills)
  11 foxfires
11 creatures vanquished.

Vanquished Creatures (others)
  A wizard (D:3)
  520 foxfires
521 creatures vanquished.

Grand Total: 788 creatures vanquished

Notes
Turn   | Place    | Note
-------+----------+-------------------------------------------
     0 | D:1      | DwarfAlpaca the Djinni Fire Elementalist began the quest
                  | for the Orb.
     0 | D:1      | DwarfAlpaca set off with the following spells memorised:
                  | Foxfire, Scorch, Volatile Blastmotes, Inner Flame, Flame
                  | Wave.
     0 | D:1      | Reached XP level 1. HP: 15/15 MP: 0/0
   129 | D:1      | Reached XP level 2. HP: 20/21 MP: 0/0
   299 | D:1      | Reached skill level 3 in Spellcasting
   538 | D:1      | Reached XP level 3. HP: 21/25 MP: 0/0
   538 | D:1      | Learned a level 1 spell: Summon Small Mammal
  1024 | D:2      | Reached XP level 4. HP: 28/31 MP: 0/0
  1456 | D:3      | Noticed Robin
  1459 | D:3      | Killed Robin
  1460 | D:3      | Reached skill level 4 in Spellcasting
  1499 | D:3      | Found a faded altar of an unknown god.
  1593 | D:3      | Reached XP level 5. HP: 31/35 MP: 0/0
  1593 | D:3      | Learned a level 2 spell: Momentum Strike
  1821 | D:3      | Noticed engelados's ghost (amateur BaCj)
  1839 | D:3      | Found a transporter.
  1839 | D:3      | Found a transporter.
  1886 | D:3      | Found a bloodstained altar of Trog.
  2097 | D:3      | Noticed a wizard
  2100 | D:3      | Killed a wizard
  2374 | D:4      | Found a glowing silver altar of Zin.
  2398 | D:4      | Found a staircase to the Ecumenical Temple.
  2405 | Temple   | Entered the Ecumenical Temple
  2412 | Temple   | Became a worshipper of the Shining One
  2427 | D:4      | Noticed a black bear
  2521 | D:4      | Reached XP level 6. HP: 34/40 MP: 0/0
  2523 | D:4      | Reached skill level 5 in Spellcasting
  2730 | D:4      | Identified the +3 leather armour of the Arcane {+Blink
                  | Str+3}
  3050 | D:5      | Entered Level 5 of the Dungeon
  3052 | D:5      | Noticed Menkaure
  3054 | D:5      | Killed Menkaure
  3055 | D:5      | Reached skill level 6 in Spellcasting
  3055 | D:5      | Reached XP level 7. HP: 42/45 MP: 0/0
  3055 | D:5      | Learned a level 2 spell: Poisonous Vapours
  3185 | D:5      | Reached XP level 8. HP: 16/50 MP: 0/0
  3243 | D:5      | Found a sand-covered staircase.
  3256 | D:5      | Reached skill level 7 in Spellcasting
  3329 | Ossuary  | Entered an ossuary
  3338 | Ossuary  | Reached * piety under the Shining One
  3401 | Ossuary  | Reached ** piety under the Shining One
  3452 | Ossuary  | Reached *** piety under the Shining One
  3703 | D:5      | Reached skill level 8 in Spellcasting
  3996 | D:5      | Found a hide-covered altar of Uskayaw.
  4185 | D:4      | Reached XP level 9. HP: 45/55 MP: 0/0
  4185 | D:4      | Learned a level 4 spell: Animate Armour
  4394 | D:3      | Killed engelados's ghost
  4395 | D:3      | Reached skill level 9 in Spellcasting
  4538 | D:6      | Reached **** piety under the Shining One
  4554 | D:6      | Noticed Duvessa
  4561 | D:6      | Noticed Dowan
  4562 | D:6      | Killed Duvessa
  4712 | D:6      | Reached skill level 10 in Spellcasting
  4815 | D:6      | Killed Dowan
  5088 | D:6      | Reached skill level 11 in Spellcasting
  5584 | D:6      | Reached XP level 10. HP: 50/60 MP: 0/0
  6320 | D:7      | Found a white marble altar of Elyvilon.
  6426 | D:7      | Reached skill level 12 in Spellcasting
  6872 | D:7      | Reached skill level 13 in Spellcasting
  7533 | D:8      | Noticed Amaemon
  7543 | D:8      | Noticed an orange demon
  7547 | D:8      | Killed Amaemon
  8179 | D:8      | Killed an orange demon
  8180 | D:8      | Reached skill level 14 in Spellcasting
  8312 | D:8      | Reached XP level 11. HP: 56/65 MP: 0/0
  8312 | D:8      | Learned a level 4 spell: Sticky Flame
  8769 | D:9      | Slain by a warg

Illustrated notes

Levels and vault maps discovered:
D:1:      minmay_arrival_stone_box, layout_basic
D:2:      layout_loops_ring, minmay_crystal_water, kennysheep_pointless_box
D:3:      layout_loops_ring, trog_wizard, gammafunk_ghost_gnarly_gnolls,
          shapermc_ecumenical_altar_petra, uniq_robin
D:4:      layout_basic, old_standard_altar, minmay_temple_entry_junction
D:5:      layout_loops_ring, lemuel_doored_altar, nicolae_ossuary_entry_ruins,
          uniq_menkaure
D:6:      kennysheep_kobold_camp, layout_basic, vehumet_statue, uniq_duvessa
D:7:      minmay_thinvault, layout_gridville, nicolae_elyvilon_peaceful_grove,
          minmay_misc_feat_plants
D:8:      hellmonk_ruined_rings, layout_cave_pools, grunt_ministairs_15,
          uniq_amaemon
D:9:      layout_basic, ashenzari_altar_1, erik_lair_orcish_takeover,
          gammafunk_ghost_nasty_kobolds
Temple:   nicolae_temple_bog_church

Skill      XL: |  1  2  3  4  5  6  7  8  9 10 |
---------------+-------------------------------+-----
Spellcasting   | 3 4 6 8 11 14 | 14.1
Dodging        | |  2.1
Stealth        | |  1.5

Action                     |  1- 3 |  4- 6 |  7- 9 | 10-12 || total
---------------------------+-------+-------+-------+-------++-------
  Melee: Rapier            |       |    10 |    17 |     6 ||    33
         Unarmed           |       |       |     4 |       ||     4
   Cast: Foxfire           |    57 |    70 |   146 |    65 ||   338
         Scorch            |     1 |    19 |    50 |    34 ||   104
         Volatile Blastmot |       |     3 |     9 |     3 ||    15
         Momentum Strike   |       |     1 |     3 |       ||     4
         Flame Wave        |       |       |    12 |     8 ||    20
         Poisonous Vapours |       |       |    19 |    22 ||    41
         Animate Armour    |       |       |     1 |       ||     1
         Sticky Flame      |       |       |       |     1 ||     1
    Use: Scroll            |       |       |    10 |       ||    10
         Potion            |       |       |     1 |     3 ||     4
 Armour: Robe              |     7 |     2 |       |       ||     9
         Leather armour    |       |     6 |    21 |     6 ||    33
         Skin              |       |       |     1 |       ||     1
  Dodge: Dodged            |    11 |    18 |    40 |    26 ||    95
